 Dungeon Crawl Stone Soup version 0.19-a0-1091-g463c9de (webtiles) character file.

9 4thArraOfDagon the Grasshopper (level 2, 0/15 HPs)
             Began as a Spriggan Warper on Aug 7, 2016.
             Was a Follower of Hepliaklqana.
             Succumbed to a worker ant's poison
             ... on level 5 of the Dungeon.
             The game lasted 00:02:30 (465 turns).

4thArraOfDagon the Grasshopper (Spriggan Warper)     Turns: 465, Time: 00:02:31

Health: 0/15       AC:  2    Str:  7    XL:     2   Next: 6%
Magic:  6/6        EV: 19    Int: 14    God:    Hepliaklqana [*.....]
Gold:   92         SH:  0    Dex: 15    Spells: 1 memorised, 5 levels left

rFire  + . .     SeeInvis +     a - +0 short sword
rCold  x . .     Gourm    .     b - +0 robe
rNeg   . . .     Faith    .     (shield restricted)
rPois  .         Spirit   .     (helmet restricted)
rElec  .         Dismiss  .     (no cloak)
rCorr  .         Reflect  .     (gloves unavailable)
SustAt .         Harm     .     (boots unavailable)
MR     .....                    (no amulet)
Stlth  ++........               (no ring)
                                j - ring of fire

@: lethally poisoned (0 -> -9), flying, very quick
A: unfitting armour, see invisible, herbivore 3, speed 3, slow metabolism 2
a: Recall Ancestor, Ancestor Identity, Renounce Religion


You were on level 5 of the Dungeon.
You worshipped Hepliaklqana.
Hepliaklqana was aware of your devotion.
You were not hungry.

You visited 1 branch of the dungeon, and saw 5 of its levels.

You collected 92 gold pieces.

Inventory:

Hand Weapons
 a - a +0 short sword (weapon)
Missiles
 e - 5 tomahawks of dispersal (quivered)
 g - 2 throwing nets
Armour
 b - a +0 robe (worn)
 l - a +0 cloak
Jewellery
 j - a ring of fire (left hand)
Scrolls
 d - a scroll of blinking
 i - 2 scrolls of fear {unknown}
Potions
 k - a potion of ambrosia {unknown}
Books
 c - a book of Spatial Translocations

   Spells                             Type                      Level
   a - Apportation                    Translocation                1
   b - Blink                          Translocation                2
   c - Shroud of Golubria             Charms/Translocation         2
   d - Portal Projectile              Translocation                3
   e - Teleport Other                 Translocation                3
   f - Passage of Golubria            Translocation                4
Comestibles
 f - 2 bread rations


   Skills:
 + Level 1.7 Fighting
 * Level 2.5 Short Blades
 - Level 1.0 Throwing
 + Level 3.7 Dodging
 * Level 1.2 Stealth
 - Level 2.6 Spellcasting
 - Level 4.4 Translocations


You had 5 spell levels left.
You knew the following spells:

 Your Spells              Type           Power        Failure   Level  Hunger
a - Apportation           Tloc           ##........   3%          1    #......


Dungeon Overview and Level Annotations

Branches:
Dungeon (5/15)
 Temple: D:4-7

Altars:
Cheibriados
Elyvilon
Hepliaklqana


Innate Abilities, Weirdness & Mutations

You are tiny and cannot use many weapons and most armour.
You have supernaturally acute eyesight. (SInv)
You are a herbivore.
You cover ground extremely quickly.
You need consume almost no food.


Message History

Unknown command.
You closely miss the worker ant.
The worker ant is heavily wounded.
Khabaw hits the worker ant but does no damage.
The worker ant bites you.
* * * LOW HITPOINT WARNING * * *
You are lethally poisoned!
The worker ant poisons you!
You hit the worker ant.
The worker ant is severely wounded.
* * * LOW HITPOINT WARNING * * *
You feel sick. The worker ant bites you.
* * * LOW HITPOINT WARNING * * *
Khabaw barely misses the worker ant.
Unknown command.
Unknown command.
It was a potion of flight.
You feel very buoyant.
You fly up into the air.
You die...

....... ...<... ###
.......###..###
........##.... _.
........##...# ..
........##...# .#
........##...# .#
......a@##...####.#
.......R..##......######
#.....###.......#.......
###### #######..##....#
##........ ###......
#.##... ##.# .. #..#


You could see the friendly Khabaw the ancestor and a worker ant.

Vanquished Creatures
  A ball python (D:1)
  3 goblins (D:1)
  3 kobolds
  A bat (D:1)
8 creatures vanquished.

Vanquished Creatures (others)
  An ancestor (D:3)
1 creature vanquished.

Grand Total: 9 creatures vanquished

Notes
Turn   | Place    | Note
-------+----------+-------------------------------------------
     0 | D:1      | 4thArraOfDagon the Spriggan Warper began the quest for the Orb.
     0 | D:1      | Reached XP level 1. HP: 10/10 MP: 5/5
    95 | D:1      | Reached skill level 1 in Stealth
   117 | D:1      | Reached XP level 2. HP: 12/15 MP: 6/6
   204 | D:3      | Found a snail-covered altar of Cheibriados.
   233 | D:3      | Found a faded altar of an unknown god.
   248 | D:3      | Became a worshipper of Hepliaklqana
   248 | D:3      | Reached * piety under Hepliaklqana
   425 | D:5      | Entered Level 5 of the Dungeon
   447 | D:5      | Found a white marble altar of Elyvilon.
   465 | D:5      | Succumbed to a worker ant's poison

Vault maps used:
D:1:      dpeg_arrival_renting
D:2:      tgw_trog, uniq_robin
D:3:      grunt_dithmenos_smoke, first_bread, ecumenical_altar_2,
          cheibriados_altar_wand_db
D:4:      portal_sewer_entry_d
D:5:      lemuel_castle_with_subvaults, nicolae_overflow_crystal_walls,
          minmay_small_thing

Skill      XL: |  1 |
---------------+----+-----
Stealth        | 1 |  1.2
Fighting       | |  1.7
Short Blades   | |  2.5
Throwing       | |  1.0
Dodging        | |  3.7
Spellcasting   | |  2.6
Translocations | |  4.4

Action                   || total
-------------------------++-------
Melee: Short sword       ||    43
  Use: Scroll            ||     1
       Potion            ||     1
 Stab: Sleeping          ||     1
Armor: Robe              ||     4
Dodge: Dodged            ||    52
